 Dungeon Crawl Stone Soup version 0.28.0-53-g5a82cb258f (webtiles) character file.

Game seed: 1505583782779402936

57 jiml777 the Grasshopper (level 4, -29/38 HPs)
             Began as a Gnoll Warper on July 8, 2022.
             Killed from afar by Ijyb (36 damage)
             ... with a bolt of acid
             ... on level 3 of the Dungeon.
             The game lasted 00:07:13 (2264 turns).

jiml777 the Grasshopper (Gnoll Warper)              Turns: 2264, Time: 00:07:14

Health: -29/38     AC:  0    Str: 10    XL:     4   Next: 0%
Magic:  11/11      EV: 13    Int: 14    God:
Gold:   59         SH:  5    Dex: 14    Spells: 11/13 levels left

rFire   . . .      SeeInvis .   m - +2 rapier of Odosio Faer {venom, Fly Dex+2}
rCold   . . .      Faith    .   (no shield)
rNeg    . . .      Spirit   .   b - +0 leather armour
rPois   .          Reflect  +   (no helmet)
rElec   .          Harm     .   (no cloak)
rCorr   .          Rampage  .   o - +0 pair of gloves
Will    .....                   (no boots)
Stlth   +.........              p - amulet of reflection
HPRegen 0.12/turn               (no ring)
MPRegen 0.12/turn               (no ring)

@: corroded, flying
A: fangs 1, strong nose, distributed training
a: no special abilities


You were on level 3 of the Dungeon.
You visited 1 branch of the dungeon, and saw 3 of its levels.

You collected 59 gold pieces.

Inventory:

Hand Weapons
 a - a +0 short sword
 i - a +0 hunting sling
 k - a +0 rapier
 m - the +2 rapier of Odosio Faer (weapon) {venom, Fly Dex+2}
   (You found it on level 2 of the Dungeon)

   It poisons the flesh of those it strikes.
   Dex:       It affects your dexterity (+2).
   Fly:       It grants you flight.
Missiles
 d - 5 boomerangs of dispersal (quivered)
 e - 87 stones
 h - 30 sling bullets
 l - a throwing net
Armour
 b - a +0 leather armour (worn)
 o - a +0 pair of gloves (worn)
Jewellery
 p - an amulet of reflection (around neck)
Scrolls
 c - a scroll of blinking
 f - a scroll of enchant armour {unknown}
 g - a scroll of noise {unknown}
 n - a scroll of immolation {unknown}
Potions
 j - a potion of curing {unknown}
 q - a potion of degeneration {unknown}


   Skills:
 + Level 4.6 Fighting
 + Level 4.6 Short Blades
 + Level 1.0 Long Blades
 + Level 1.0 Axes
 + Level 1.0 Maces & Flails
 + Level 1.0 Polearms
 + Level 1.0 Staves
 + Level 1.0 Slings
 + Level 1.0 Bows
 + Level 1.0 Crossbows
 + Level 2.7 Throwing
 + Level 2.7 Armour
 + Level 4.6 Dodging
 + Level 1.0 Stealth
 + Level 1.0 Shields
 + Level 1.0 Unarmed Combat
 + Level 5.0 Spellcasting
 + Level 0.7 Conjurations
 + Level 0.7 Hexes
 + Level 0.7 Summonings
 + Level 0.7 Necromancy
 + Level 5.4 Translocations
 + Level 0.7 Transmutations
 + Level 0.7 Fire Magic
 + Level 0.7 Ice Magic
 + Level 0.7 Air Magic
 + Level 0.7 Earth Magic
 + Level 0.7 Poison Magic
 + Level 1.1 Invocations
 + Level 1.0 Evocations


You had 11 spell levels left.
You knew the following spells:

 Your Spells              Type           Power      Damage    Failure   Level
a - Blink                 Tloc           36%        N/A       3%          2

Your spell library contained the following spells:

 Spells                   Type           Power      Damage    Failure   Level
 Gell's Gravitas          Tloc           18%        N/A       8%          3
 Lesser Beckoning         Tloc           18%        N/A       8%          3
 Teleport Other           Tloc           18%        N/A       8%          3
 Manifold Assault         Tloc           18%        N/A       56%         5


Dungeon Overview and Level Annotations

Branches:
Dungeon (3/15)

Altars:

Shops:
D:1 ?   D:2 [

Annotations:
D:3 Ijyb


Innate Abilities, Weirdness & Mutations

You have very sharp teeth.
Your uncanny sense of smell can sniff out nearby items.
Your experience applies equally to all skills.


Message History

You puncture the frilled lizard!
You kill the frilled lizard!
p - an amulet of reflection
Found a ring mail.
You start putting on your amulet.
You continue putting on your amulet of reflection. x5
You finish putting on your amulet of reflection.
You feel a shielding aura gather around you.
p - an amulet of reflection (around neck)
Found a mace.
You now have 59 gold pieces (gained 10).
h - 30 sling bullets (gained 10)
Found a stone staircase leading up.
q - a bubbling blue potion
There is a stone staircase leading up here.
Found a helmet.
A hobgoblin comes into view.
Ijyb the Twisted Goblin comes into view.
She is wielding a +0 dagger and carrying a wand of acid (13).
You see here a +0 helmet.
The hobgoblin completely misses you. Ijyb misses you.
You hit the hobgoblin but do no damage.
The hobgoblin is poisoned.
The hobgoblin misses you. You block Ijyb's attack.
Number of times to repeat, then command key: You must enter the number of times for the command to repeat.
Ijyb zaps a wand.
The bolt of acid hits you!!
Ouch! That really hurt!
* * * LOW HITPOINT WARNING * * *
The acid corrodes you! The hobgoblin barely misses you.
You hit Ijyb.
Ijyb is poisoned.
You bite Ijyb, but do no damage.
Ijyb is lightly wounded.
You kill the hobgoblin!
You block Ijyb's attack.
You have reached level 4!
You feel agile.
Blink to where?
Press: ? - help, Dir - move target
As you read the scroll of blinking, it crumbles to dust.
Ijyb zaps a wand.
The bolt of acid hits you!!!
Ouch! That really hurt!
You die...

#.........#
#.........#
#.........#
####...####
#...##
#....#
####.###
#<..# #@#.#
∆ #.#.# ∆ ∆
#.# # ∆ #.#
#.# #g#
###+## #.# #
#.#..###.#.#
#.##.##....#


You could see Ijyb (poisoned).

Vanquished Creatures
  A worm (D:2)
  3 dart slugs
  3 bats (D:1)
  2 endoplasms
  8 goblins
  4 hobgoblins
  4 jackals (D:3)
  6 kobolds
  3 quokkas
  3 ball pythons
  2 frilled lizards
  4 rats
43 creatures vanquished.

Vanquished Creatures (others)
  2 fungi (D:1)
2 creatures vanquished.

Grand Total: 45 creatures vanquished

Notes
Turn   | Place    | Note
-------+----------+-------------------------------------------
     0 | D:1      | jiml777 the Gnoll Warper began the quest for the Orb.
     0 | D:1      | Reached XP level 1. HP: 20/20 MP: 6/6
   155 | D:1      | Found a faded altar of an unknown god.
   414 | D:1      | Reached XP level 2. HP: 25/26 MP: 7/7
   513 | D:1      | Learned a level 2 spell: Blink
   591 | D:1      | Found Ulirec's Magic Scroll Shoppe.
  1365 | D:2      | Reached XP level 3. HP: 31/31 MP: 9/9
  1372 | D:2      | Identified the +2 rapier of Odosio Faer {venom, Fly Dex+2}
  1375 | D:2      | Reached skill level 5 in Spellcasting
  1612 | D:2      | Found Baiviz's Antique Armour Emporium.
  1659 | D:2      | Reached skill level 1 in Invocations
  1902 | D:2      | You are sucked into a shaft and drop 1 floor!
  2013 | D:3      | Reached skill level 1 in Long Blades
  2013 | D:3      | Reached skill level 1 in Axes
  2013 | D:3      | Reached skill level 1 in Maces & Flails
  2013 | D:3      | Reached skill level 1 in Polearms
  2013 | D:3      | Reached skill level 1 in Staves
  2013 | D:3      | Reached skill level 1 in Slings
  2013 | D:3      | Reached skill level 1 in Bows
  2013 | D:3      | Reached skill level 1 in Crossbows
  2013 | D:3      | Reached skill level 1 in Stealth
  2013 | D:3      | Reached skill level 1 in Shields
  2013 | D:3      | Reached skill level 1 in Unarmed Combat
  2013 | D:3      | Reached skill level 1 in Evocations
  2249 | D:3      | Noticed Ijyb
  2257 | D:3      | Reached XP level 4. HP: 6/38 MP: 11/11
  2264 | D:3      | Killed from afar by Ijyb

Illustrated notes

Levels and vault maps discovered:
D:1:      minmay_arrival_shattered_statue, layout_loops_corners, serial_shops,
          nicolae_shop_statue_plus, shapermc_ecumenical_altar_gd,
          minmay_tromino_mix6
D:2:      layout_basic, serial_shops, nicolae_square_shop
D:3:      layout_loops_ring, kennysheep_generic_room_9, uniq_crazy_yiuf_cottage,
          uniq_ijyb

Skill      XL: |  1  2  3 |
---------------+----------+-----
Spellcasting   | 5 |  5.0
Invocations    | 1 |  1.1
Long Blades    | 1 |  1.0
Axes           | 1 |  1.0
Maces & Flails | 1 |  1.0
Polearms       | 1 |  1.0
Staves         | 1 |  1.0
Slings         | 1 |  1.0
Bows           | 1 |  1.0
Crossbows      | 1 |  1.0
Stealth        | 1 |  1.0
Shields        | 1 |  1.0
Unarmed Combat | 1 |  1.0
Evocations     | 1 |  1.0
Fighting       | |  4.6
Short Blades   | |  4.6
Throwing       | |  2.7
Armour         | |  2.7
Dodging        | |  4.6
Conjurations   | |  0.7
Hexes          | |  0.7
Summonings     | |  0.7
Necromancy     | |  0.7
Translocations | |  5.4
Transmutations | |  0.7
Fire Magic     | |  0.7
Ice Magic      | |  0.7
Air Magic      | |  0.7
Earth Magic    | |  0.7
Poison Magic   | |  0.7

Action                   |  1- 3 |  4- 6 || total
-------------------------+-------+-------++-------
Melee: Short sword       |    52 |       ||    52
       Bite              |     9 |       ||     9
       Rapier            |    65 |       ||    65
       Punch             |     1 |       ||     1
  Use: Scroll            |       |     1 ||     1
 Stab: Sleeping          |     1 |       ||     1
Armor: Leather armour    |    45 |       ||    45
Dodge: Dodged            |    73 |       ||    73
Block: Other             |     2 |       ||     2
